 Dungeon Crawl Stone Soup version 0.32-a0-450-g080537f31e (webtiles) character file.

Game seed: 17893232527179042231

72 HC7 the Changeling (level 4, -5/41 HPs)
             Began as a Troll Shapeshifter on Feb 23, 2024.
             Slain by a gnoll
             ... wielding a +0 halberd
              (13 damage)
             ... on level 3 of the Dungeon.
             The game lasted 00:07:12 (1442 turns).

HC7 the Changeling (Troll Shapeshifter)             Turns: 1442, Time: 00:07:12

Health: -5/41      AC:  4    Str: 22    XL:     4   Next: 7%
Magic:  2/4        EV: 10    Int:  6    God:
Gold:   126        SH:  0    Dex: 11    Spells: 4/4 levels left

rFire   . . .        e - +9 hand axe of Abuse {heavy, rElec rC+ Will+ rCorr}
rCold   + . .        (no shield)
rNeg    . . .        a - +0 animal skin
rPois   .            (helmet currently unavailable)
rElec   +            (cloak currently unavailable)
rCorr   +            (gloves unavailable)
SInv    .            (boots unavailable)
Will    +....        (no amulet)
Stlth   +            (no ring)
HPRegen 1.06/turn    (no ring)
MPRegen 0.09/turn

%: no passive effects
@: beast-form
A: beast (slay +2), large, unfitting armour, claws 3, regeneration 1, shaggy fur
1, tough skin 1
a: Begin Untransformation


You were on level 3 of the Dungeon.
You were a hulking beast.
You visited 1 branch of the dungeon, and saw 3 of its levels.

You collected 126 gold pieces.

Inventory:

Hand Weapons
 e - the +9 hand axe of Abuse (weapon) {heavy, rElec rC+ Will+ rCorr}
   (You found it on level 2 of the Dungeon)

   rC+:       It protects you from cold.
   rElec:     It insulates you from electricity.
   Will+:     It increases your willpower.
   rCorr:     It protects you from acid and corrosion.
Armour
 a - a +0 animal skin (worn)
Jewellery
 i - a ring of resist corrosion
Talismans
 c - a beast talisman (active)
 d - a flux talisman
Scrolls
 f - a scroll of identify
 l - a scroll of amnesia {unknown}
Potions
 b - a potion of lignification
 g - 2 potions of heal wounds
 h - a potion of attraction {unknown}
 j - a potion of haste {unknown}
 k - a potion of curing {unknown}


   Skills:
 + Level 1.0 Fighting
 + Level 0.1 Axes
 + Level 1.7 Dodging
 * Level 0.2 Stealth
 + Level 3.6 Unarmed Combat
 * Level 0.6 Spellcasting
 * Level 3.6 Shapeshifting


You had 4 spell levels left.
You didn't know any spells.
Your spell library contained the following spells:

 Spells                   Type           Power      Damage    Failure   Level
 Hailstorm                Conj/Ice       0%         3d5       82%         3
 Summon Ice Beast         Ice/Summ       0%         N/A       82%         3
 Sculpt Simulacrum        Ice/Alch       0%         N/A       100%        6


Dungeon Overview and Level Annotations

Branches:
Dungeon (3/15)

Altars:
Yredelemnul


Innate Abilities, Weirdness & Mutations

You are a hulking beast.
Your limbs bulge with bestial killing power. (Slay +2)
You are too large for most types of armour.
You have claws for hands.
Your natural rate of healing is unusually fast.
You are covered in fur. (AC +1)
You have tough skin. (AC +1)


Message History

The goblin shouts!
The gnoll shouts!
A gnoll comes into view. It is wielding a +0 halberd.
There is an open door here.
The gnoll hits you from afar with a +0 spear.
The gnoll barely misses you. The gnoll barely misses you.
The gnoll shouts!
The gnoll closely misses you.
You hit the gnoll.
The gnoll is moderately wounded.
The gnoll hits you with a +0 spear! The gnoll hits you with a +0 spear.
You closely miss the gnoll.
The gnoll is moderately wounded.
The gnoll closely misses you. The gnoll hits you with a +0 spear.
You slash the gnoll!
The gnoll is almost dead.
The gnoll closely misses you. The gnoll misses you.
The gnoll closely misses you.
You hit the gnoll.
You kill the gnoll!
The gnoll hits you from afar with a +0 halberd!
The goblin barely misses you. The gnoll barely misses you.
You have reached level 4!
You closely miss the goblin. The goblin misses you.
The gnoll closely misses you. The goblin hits you with a +0 hand axe.
The gnoll hits you from afar with a +0 halberd.
You don't know any spells.
You closely miss the goblin. The goblin hits you with a +0 hand axe.
The gnoll hits you from afar with a +0 halberd!
* * * LOW HITPOINT WARNING * * *
The goblin closely misses you.
The gnoll hits you from afar with a +0 halberd!
* * * LOW HITPOINT WARNING * * *
You slice the goblin!!
You kill the goblin!
The gnoll closely misses you. x2; The gnoll barely misses you.
You slice the gnoll!!
You kill the gnoll!
The gnoll hits you from afar with a +0 halberd!
You die...

#..)......
#........ .......
.####.._..####.
.............g.
#...........
#..g...[g...
####)#######
#######h###
..........#
#######.#.#
.#.......#.######
................
# #..#......#####
#.#.......#.#
+#.#.....#.#...
.........#.#.###
#


You could see a gnoll.

Vanquished Creatures
  2 gnolls (D:3)
  3 adders (D:2)
  A dart slug (D:1)
  3 orcs (D:3)
  An endoplasm (D:3)
  2 giant cockroaches
  2 goblins
  2 hobgoblins
  A quokka (D:2)
  4 ball pythons
  2 bats
  3 frilled lizards
  5 kobolds
  4 rats
35 creatures vanquished.

Notes
Turn   | Place    | Note
-------+----------+-------------------------------------------
     0 | D:1      | HC7 the Troll Shapeshifter began the quest for the Orb.
     0 | D:1      | Reached XP level 1. HP: 18/18 MP: 0/0
   133 | D:1      | Reached XP level 2. HP: 26/26 MP: 1/1
   503 | D:1      | Found a faded altar of an unknown god.
   503 | D:1      | Noticed a sixfirhy
   611 | D:2      | Reached skill level 1 in Fighting
   744 | D:2      | Identified the +9 hand axe of Abuse {heavy, rElec rC+ Will+
                  | rCorr}
   798 | D:2      | Reached XP level 3. HP: 33/33 MP: 2/2
  1424 | D:3      | Found a basalt altar of Yredelemnul.
  1439 | D:3      | Reached XP level 4. HP: 24/41 MP: 2/4
  1442 | D:3      | Slain by a gnoll

Illustrated notes

Levels and vault maps discovered:
D:1:      onia_arrival_mini_spirals, layout_rooms,
          dreamdust_ecumenical_altar_sealed_demon
D:2:      layout_basic
D:3:      layout_basic, mainiacjoe_overflow_boulevard, uniq_jessica,
          uniq_grinder

Skill      XL: |  1  2 |
---------------+-------+-----
Fighting       | 1 |  1.0
Axes           | |  0.1
Dodging        | |  1.7
Stealth        | |  0.2
Unarmed Combat | |  3.6
Spellcasting   | |  0.6
Shapeshifting  | |  3.6

Action                     |  1- 3 |  4- 6 || total
---------------------------+-------+-------++-------
  Melee: Unarmed           |    38 |       ||    38
         Hand axe          |    34 |     4 ||    38
    Use: Scroll            |     5 |       ||     5
 Armour: Animal skin       |    49 |     6 ||    55
  Dodge: Dodged            |    55 |     6 ||    61

Table legend: (Time is in decaauts)
 A = Elapsed time spent in this place.
 B = Non-inter-level travel time spent in this place.
 C = Inter-level travel time spent in this place.
 D = Time resting spent in this place.
 E = Time spent auto-exploring this place.
 F = Levels seen in this place.
 G = Mean time per level.
                   A        B        C        D        E       F      G
               +--------+--------+--------+--------+--------+-----+--------+
         Total |   1473 |   1412 |     61 |      0 |    964 |   3 |  491.0 |
       Dungeon |   1473 |   1412 |     61 |      0 |    964 |   3 |  491.0 |
               +--------+--------+--------+--------+--------+-----+--------+

Top non-repeatable levels by time:
     D:2: 687 daAuts
     D:1: 594 daAuts
     D:3: 190 daAuts
